Map: Abyssal Reef LE

Players

Rei

  • Race: Zerg Zerg
  • League: Master
  • Spawn Location: 5:00

Railgan - Winner!

  • Race: Zerg Zerg
  • League: Grandmaster
  • Spawn Location: 11:00

VOD

Have the link to the VOD?

Description

Time

  • Played on: March 23, 2017, 8:26 p.m.
  • Length: 4:13
Show
View Real Time Build Order
Export as new Build Order

Rei Zerg 

Build Orders: Hatch First 

Get SALT Encoding   

  12  0:00  Drone  
  13  0:13  Overlord  
  13  0:18  Drone  
  14  0:31  Drone x2  
  17  0:35  Drone  
  17  0:52  Hatchery  
  16  1:05  Spawning Pool  
  16  1:08  Drone  
  16  1:11  Extractor  
  15  1:13  Drone  
  15  1:17  Drone  
  17  1:28  Drone  
  18  1:52  Zergling x6  
  21  2:04  Zergling x2, Queen x2  
  21  2:06  Zergling x2  
  27  2:12  Metabolic Boost  
  25  2:36  Overlord  
  25  2:40  Drone  
  26  2:46  Drone  
  26  2:50  Drone  
  28  2:56  Drone x2  
  30  3:02  Drone x2  
  32  3:15  Drone x4  
  36  3:20  Overlord  
  36  3:35  Hatchery  
  35  3:41  Drone x3  
  35  3:47  Evolution Chamber  
  36  3:55  Drone  
  36  3:56  Drone x2  
  36  3:59  Drone x2  
Show
View Real Time Build Order
Export as new Build Order

Railgan Zerg - Winner!

Build Orders: Pool First 

Get SALT Encoding   

  12  0:01  Drone  
  13  0:23  Spawning Pool  
  13  0:25  Drone  
  13  0:29  Drone  
  14  0:40  Extractor, Drone  
  15  0:44  Overlord  
  15  1:09  Zergling x6  
  18  1:20  Zergling x2  
  18  1:22  Hatchery  
  18  1:31  Zergling x2  
  19  1:36  Queen  
  21  1:43  Overlord  
  21  1:55  Drone  
  22  2:04  Drone  
  23  2:11  Queen  
  25  2:22  Drone  
  25  2:25  Overlord  
  23  2:37  Drone  
  23  2:38  Drone  
  23  2:41  Queen  
  23  2:43  Drone  
  28  2:47  Drone x3  
  31  2:53  Spine Crawler  
  30  2:59  Queen  
  31  3:07  Drone  
  31  3:09  Drone  
  31  3:12  Drone  
  34  3:14  Drone  
  34  3:18  Drone x2  
  36  3:23  Overlord  
  36  3:24  Drone  
  36  3:26  Extractor  
  36  3:27  Extractor  
  36  3:31  Drone  
  36  3:32  Drone  
  37  3:39  Drone  
  38  3:46  Roach Warren  
  38  3:48  Evolution Chamber  
  36  3:51  Drone  
  37  3:56  Drone  
Tags
 
Add a new tag
Caveats
  • Supply blocks, unpowered buildings, or Contaminate may cause inaccurate times.
  • Supply counts are checked every 10 seconds.